Map: Écho EC

Players

AgCl - Winner!

  • Race: Protoss Protoss

LTB

  • Race: Terran Terran

VOD

Have the link to the VOD?

Description

Time

  • Played on: May 9, 2015, 7:35 p.m.
  • Length: 9:22
Show
View Real Time Build Order
Export as new Build Order

AgCl Protoss - Winner!

Build Orders:  

Get SALT Encoding   

  12  6:21  Pylon  
  12  6:22  Nexus  
  12  6:29  Assimilator  
  12  6:31  Pylon  
  12  6:38  Probe  
  13  6:51  Probe  
  13  6:52  Nexus  
  14  6:59  Forge  
  14  7:01  Gateway  
  14  7:03  Probe (Chrono Boost), Pylon  
  15  7:15  Probe (Chrono Boost)  
  16  7:19  Pylon  
  16  7:20  Pylon  
  16  7:21  Probe (Chrono Boost)  
  17  7:23  Pylon  
  17  7:24  Pylon  
  17  7:27  Pylon  
  17  7:32  Probe  
  17  7:38  Photon Cannon x2  
  17  7:41  Photon Cannon x2  
  17  7:43  Pylon  
  17  7:44  Probe  
  17  7:45  Probe (Chrono Boost)  
  19  7:52  Cybernetics Core  
  19  7:54  Assimilator  
  19  7:56  Probe (Chrono Boost)  
  21  8:03  Probe (Chrono Boost)  
  22  8:06  Probe (Chrono Boost)  
  22  8:10  Probe (Chrono Boost)  
  23  8:15  Probe (Chrono Boost)  
  23  8:16  Photon Cannon  
  23  8:18  Photon Cannon  
  23  8:19  Gateway, Photon Cannon  
  24  8:21  Probe (Chrono Boost)  
  24  8:22  Photon Cannon  
  24  8:25  Photon Cannon, Assimilator  
  26  8:27  Assimilator  
  26  8:30  Probe x2 (Chrono Boost)  
  27  8:39  Probe (Chrono Boost)  
  27  8:40  Probe (Chrono Boost)  
  28  8:51  Probe (Chrono Boost)  
  28  8:52  Stargate  
  28  8:54  Probe (Chrono Boost)  
  30  8:57  Probe (Chrono Boost)  
  32  9:07  Probe (Chrono Boost)  
  32  9:08  Probe (Chrono Boost)  
Show
View Real Time Build Order
Export as new Build Order

LTB Terran 

Build Orders: Reaper Expand 

Get SALT Encoding   

  12  0:09  SCV  
  13  0:26  Refinery  
  13  0:34  Refinery  
  13  0:45  Engineering Bay  
  13  0:54  Supply Depot  
  13  1:30  Barracks  
  13  2:19  Marine  
  14  2:37  Reaper  
  14  2:40  Missile Turret  
  15  2:54  Sensor Tower  
  15  3:09  Marine  
  15  3:11  Bunker  
  16  3:27  Marine  
  17  3:44  Marine  
  18  3:53  Ghost Academy  
  18  4:05  Factory  
  18  4:22  Terran Infantry Weapons Level 1  
  18  4:33  Marine  
  19  4:51  Marine  
  20  5:01  SCV  
  21  5:09  Marine  
  21  5:11  Personal Cloaking  
  21  5:13  SCV  
  23  5:25  Factory Tech Lab  
  23  5:54  Supply Depot  
  23  6:16  SCV  
  24  6:28  SCV  
  25  6:40  SCV  
  20  8:38  Command Center  
Tags
 
Add a new tag
Caveats
  • Supply blocks, unpowered buildings, or Contaminate may cause inaccurate times.
  • Supply counts are checked every 10 seconds.